 Dungeon Crawl Stone Soup version 0.20-a0-375-gc02d24d (webtiles) character file.

88 JamesMay the Chopper (level 4, 0/41 HPs)
             Began as a Hill Orc Chaos Knight on Dec 28, 2016.
             Succumbed to an adder's poison
             ... on level 2 of the Dungeon.
             The game lasted 00:11:25 (1628 turns).

JamesMay the Chopper (Hill Orc Chaos Knight)        Turns: 1628, Time: 00:11:26

Health: 0/41       AC:  3    Str: 15    XL:     4   Next: 53%
Magic:  4/4        EV: 16    Int: 12    God:    Xom [....*.]
Gold:   9          SH:  0    Dex: 15    Spells: 3/3 levels left

rFire  . . .     SeeInvis .     l - -1 falchion (curse)
rCold  . . .     Gourm    .     h - +0 leather armour (curse)
rNeg   . . .     Faith    .     (no shield)
rPois  .         Spirit   .     (no helmet)
rElec  .         Reflect  .     (no cloak)
rCorr  .         Harm     .     (no gloves)
MR     .....                    (no boots)
Stlth  ++........               (no amulet)
                                (no ring)
                                (no ring)

@: agile, lethally poisoned (0 -> -2)
A: no striking features
a: Renounce Religion


You were on level 2 of the Dungeon.
You worshipped Xom.
You were a beloved toy of Xom.
You were not hungry.

You visited 1 branch of the dungeon, and saw 2 of its levels.

You collected 9 gold pieces.

Inventory:

Hand Weapons
 a - a +0 hand axe of chaos
 d - a +0 hunting sling
 l - a cursed -1 falchion (weapon)
Missiles
 f - 43 stones (quivered)
 i - 17 poisoned needles
Armour
 b - a +2 leather armour
 h - a cursed +0 leather armour (worn)
 m - a +0 chain mail
Jewellery
 k - a +2 ring of dexterity {unknown}
Scrolls
 e - 2 scrolls of teleportation
 g - 2 scrolls of identify
Comestibles
 c - a bread ration
 n - 3 chunks of flesh


   Skills:
 + Level 4.9 Fighting
 + Level 5.2 Axes
 + Level 2.7 Armour
 + Level 1.0 Dodging


You had 3 spell levels left.
You didn't know any spells.

Dungeon Overview and Level Annotations

Branches:
Dungeon (2/15)

Altars:


Message History

* * * LOW HITPOINT WARNING * * *
You feel sick.
You see here a scroll of teleportation.
* * * LOW HITPOINT WARNING * * *
You feel sick.
* * * LOW HITPOINT WARNING * * *
You feel sick.
* * * LOW HITPOINT WARNING * * *
You feel sick.
* * * LOW HITPOINT WARNING * * *
You feel sick. "There, this looks better."
A door bursts open!
* * * LOW HITPOINT WARNING * * *
You feel sick.
* * * LOW HITPOINT WARNING * * *
You feel sick.
Okay, then.
You die...
Xom laughs nastily!

#......)....#
#.....)...#.##
##########.##.#..#
#..........##.#..#
#...).#######...>#
#.....# ###########
#.....# ###.......#
#.....# #...#####.#
#.....# ####..@'...<.#
#.....####.##...###.###
#.......##..†.........
#######(##.##...###.#.#
#.##.##...# #...#
#....##...# ### #
#######?..# #...# #####


There were no monsters in sight!

Vanquished Creatures
  4 adders (D:2)
  An ooze (D:2)
  A worm (D:2)
  2 dart slugs
  2 leopard geckos
  2 giant cockroaches
  4 goblins
  2 hobgoblins (D:2)
  4 jackals (D:1)
  5 kobolds
  2 bats
  7 frilled lizards
  4 rats
40 creatures vanquished.

Notes
Turn   | Place    | Note
-------+----------+-------------------------------------------
     0 | D:1      | JamesMay the Hill Orc Chaos Knight began the quest for the Orb.
     0 | D:1      | Reached XP level 1. HP: 19/19 MP: 1/1
     7 | D:1      | XOM: potion effect (heal wounds)
   214 | D:1      | Reached XP level 2. HP: 27/27 MP: 2/2
   257 | D:1      | XOM: silly message
   286 | D:1      | Reached skill level 1 in Dodging
   400 | D:1      | XOM: divination: magic mapping
   433 | D:1      | XOM: divination: detect items
   521 | D:1      | Reached XP level 3. HP: 32/33 MP: 3/3
   632 | D:1      | XOM: divination: detect creatures
   939 | D:2      | XOM: potion effect (berserk rage)
  1102 | D:2      | Reached XP level 4. HP: 27/41 MP: 4/4
  1313 | D:2      | Reached skill level 5 in Axes
  1355 | D:2      | XOM: harmless Summ miscast
  1620 | D:2      | HP: 2/41 [poisoned by an adder]
  1620 | D:2      | XOM: scenery: 1 doors open
  1625 | D:2      | HP: 1/41 [poisoned by an adder]
  1628 | D:2      | Succumbed to an adder's poison

Vault maps used:
D:1:      lightli_arrival_chessboard, serial_bayou_pond_c
D:2:      kennysheep_generic_room_15

Skill      XL: |  1  2  3  4 |
---------------+-------------+-----
Fighting       | 4 |  4.9
Dodging        | 1 |  1.0
Axes           | 5 |  5.2
Armour         | |  2.7

Action                   |  1- 3 |  4- 6 || total
-------------------------+-------+-------++-------
Melee: Hand axe          |    79 |     6 ||    85
       Falchion          |       |    32 ||    32
  Use: Potion            |     1 |     1 ||     2
       Scroll            |     1 |       ||     1
  Eat: Chunk             |     1 |     1 ||     2
Armor: Leather armour    |    27 |     5 ||    32
Dodge: Dodged            |    53 |    30 ||    83
       Rpst.: Falchion   |       |    11 ||    11
